 Dungeon Crawl Stone Soup version 0.29-a0-275-g389c0b56f3 (webtiles) character file.

Game seed: 156346608405701672

60 Jinxxian the Digger (level 3, -1/27 HPs)
             Began as a Draconian Earth Elementalist on Mar 12, 2022.
             Slain by a sky beast (5 damage)
             ... on level 3 of the Dungeon.
             The game lasted 00:05:30 (2537 turns).

Jinxxian the Digger (Draconian Earth Elementalist)  Turns: 2537, Time: 00:05:31

Health: -1/27      AC:  5    Str: 10    XL:     3   Next: 80%
Magic:  0/6        EV: 12    Int: 17    God:
Gold:   97         SH:  0    Dex: 11    Spells: 2/6 levels left

rFire   . . .      SeeInvis .   d - +0 short sword
rCold   . . .      Faith    .   (no shield)
rNeg    . . .      Spirit   .   (body armour unavailable)
rPois   +          Reflect  .   (helmet restricted)
rElec   .          Harm     .   (no cloak)
rCorr   .          Rampage  .   (no gloves)
Will    .....                   (no boots)
Stlth   ++........              (no amulet)
HPRegen 0.09/turn               i - ring of poison resistance
MPRegen 0.10/turn               (no ring)

@: no status effects
A: AC +5, unfitting armour, cold-blooded
a: no special abilities


You were on level 3 of the Dungeon.
You visited 1 branch of the dungeon, and saw 3 of its levels.

You collected 97 gold pieces.

Inventory:

Hand Weapons
 d - a +0 short sword (weapon)
Missiles
 a - 78 stones
 l - 3 poisoned darts
Jewellery
 i - a ring of poison resistance (left hand)
 m - a ring of magical power
Scrolls
 c - 6 scrolls of identify {unknown}
 f - a scroll of holy word {unknown}
 k - a scroll of magic mapping {unknown}
Potions
 b - a potion of magic
 e - a potion of might {unknown}
 g - a potion of flight {unknown}
 h - 2 potions of curing {unknown}
 j - a potion of berserk rage {unknown}


   Skills:
 + Level 0.9 Fighting
 + Level 2.2 Dodging
 + Level 2.4 Stealth
 + Level 2.3 Spellcasting
 + Level 0.0 Conjurations
 + Level 1.6 Transmutations
 + Level 3.3 Earth Magic


You had 2 spell levels left.
You knew the following spells:

 Your Spells              Type           Power      Damage    Failure   Level
a - Sandblast             Erth           26%        2d8       4%          1
b - Stone Arrow           Conj/Erth      14%        3d7       28%         3

Your spell library contained the following spells:

 Spells                   Type           Power      Damage    Failure   Level
 Passwall                 Tmut/Erth      8%         N/A       10%         2
 Petrify                  Tmut/Erth      10%        N/A       54%         4


Dungeon Overview and Level Annotations

Branches:
Dungeon (3/15)

Altars:

Shops:
D:2 [


Innate Abilities, Weirdness & Mutations

Your plain brown scales are hard. (AC +5)
You cannot fit into any form of body armour.
You are cold-blooded and may be slowed by cold attacks.


Message History

Casting: Sandblast (safe; 4% risk of failure)
Confirm with . or Enter, or press ? or * to list all spells.
Aiming: Sandblast (safe; 4% risk of failure)
Press: ? - help, Shift-Dir - straight line, f/p - sky beast
Aim: a sky beast (moderately wounded, 71% to hit)
The blast of sand hits the sky beast.
The sky beast is moderately wounded.
The sky beast hits you. The sky beast shocks you.
Casting: Sandblast (safe; 4% risk of failure)
Confirm with . or Enter, or press ? or * to list all spells.
Aiming: Sandblast (safe; 4% risk of failure)
Press: ? - help, Shift-Dir - straight line, f/p - sky beast
Aim: a sky beast (moderately wounded, 71% to hit)
The blast of sand hits the sky beast.
The sky beast is moderately wounded.
The sky beast hits you but does no damage.
Casting: Sandblast (safe; 4% risk of failure)
Confirm with . or Enter, or press ? or * to list all spells.
Aiming: Sandblast (safe; 4% risk of failure)
Press: ? - help, Shift-Dir - straight line, f/p - sky beast
Aim: a sky beast (moderately wounded, 71% to hit)
The blast of sand hits the sky beast!
The sky beast is severely wounded.
The sky beast hits you. The sky beast shocks you.
Casting: Sandblast (safe; 4% risk of failure)
Confirm with . or Enter, or press ? or * to list all spells.
Aiming: Sandblast (safe; 4% risk of failure)
Press: ? - help, Shift-Dir - straight line, f/p - sky beast
Aim: a sky beast (severely wounded, 71% to hit)
The blast of sand hits the sky beast.
The sky beast is severely wounded.
The sky beast hits you. The sky beast shocks you.
* * * LOW HITPOINT WARNING * * *
Unknown command.
You hit the sky beast.
Your tail-slap misses the sky beast.
The sky beast is almost dead.
The sky beast hits you.
* * * LOW HITPOINT WARNING * * *
The sky beast shocks you.
You die...

#. #.. .#
#. ...
#.. #.
... #..
#Y #.#
##..# #.
#.# .[...
#. #.# #
#.
#.##.##.#
########.
#$Y@....#
#........
####.####
#........
#.#
#.....♣..
#.#
#........
#.###
#........
#...#
########.
###.# #.
#.# ##
#.#


You could see a sky beast.

Vanquished Creatures
  An adder (D:3)
  A worm (D:2)
  A dart slug (D:2)
  7 endoplasms
  A giant cockroach (D:1)
  4 goblins
  2 hobgoblins (D:1)
  2 kobolds (D:1)
  A quokka (D:3)
  8 ball pythons
  4 bats
  4 frilled lizards
  8 rats
44 creatures vanquished.

Notes
Turn   | Place    | Note
-------+----------+-------------------------------------------
     0 | D:1      | Jinxxian the Draconian Earth Elementalist began the quest
                  | for the Orb.
     0 | D:1      | Reached XP level 1. HP: 14/14 MP: 3/3
    27 | D:1      | Found a faded altar of an unknown god.
   398 | D:1      | Reached XP level 2. HP: 20/20 MP: 5/5
  1428 | D:2      | Found Oroq's Armour Shoppe.
  1534 | D:2      | Reached XP level 3. HP: 24/27 MP: 6/6
  2417 | D:3      | Learned a level 3 spell: Stone Arrow
  2527 | D:3      | Noticed a sky beast
  2537 | D:3      | Slain by a sky beast

Illustrated notes

Levels and vault maps discovered:
D:1:      lemuel_arrival_broad_hall, layout_basic,
          chequers_ecumenical_altar_island, grunt_decor_clamped
D:2:      layout_basic, serial_shops, nicolae_shop_hallway_plus
D:3:      layout_loops_cross, chequers_mini_garden, uniq_terence

Skill      XL: |  1  2 |
---------------+-------+-----
Stealth        | 2 |  2.4
Dodging        | 2 |  2.2
Fighting       | |  0.9
Spellcasting   | |  2.3
Transmutations | |  1.6
Earth Magic    | |  3.3

Action                   || total
-------------------------++-------
Melee: Short sword       ||    97
       Unarmed           ||     5
       Tailslap          ||     9
       Punch             ||     1
 Cast: Sandblast         ||    14
 Stab: Sleeping          ||     5
Armor: Skin              ||    38
Dodge: Dodged            ||    61

Table legend: (Time is in decaauts)
 A = Elapsed time spent in this place.
 B = Non-inter-level travel time spent in this place.
 C = Inter-level travel time spent in this place.
 D = Time resting spent in this place.
 E = Time spent auto-exploring this place.
 F = Levels seen in this place.
 G = Mean time per level.
                   A        B        C        D        E       F      G
               +--------+--------+--------+--------+--------+-----+--------+
         Total |   2552 |   2552 |      0 |   1004 |   1132 |   3 |  850.7 |
       Dungeon |   2552 |   2552 |      0 |   1004 |   1132 |   3 |  850.7 |
               +--------+--------+--------+--------+--------+-----+--------+

Top non-repeatable levels by time:
     D:1: 1306 daAuts
     D:2: 996 daAuts
     D:3: 249 daAuts
